 Dungeon Crawl Stone Soup version 0.21-a0-221-gfe971b9 (webtiles) character file.

65 tidbits the Bolt Thrower (level 3, 0/42 HPs)
             Began as a Demigod Wanderer on Aug 26, 2017.
             Succumbed to a kobold's poison
             ... on level 3 of the Dungeon.
             The game lasted 00:08:01 (804 turns).

tidbits the Bolt Thrower (Demigod Wanderer)          Turns: 804, Time: 00:08:01

Health: 0/42       AC: 21    Str: 15    XL:     3   Next: 66%
Magic:  4/6        EV:  2    Int: 18    God:
Gold:   88         SH:  0    Dex: 15    Spells: 2/4 levels left

rFire    . . .     SeeInvis .   a - +0 hand crossbow
rCold    . . .     Gourm    .   (no shield)
rNeg     + + +     Faith    .   (armour currently unavailable)
rPois    +         Spirit   .   (helmet currently unavailable)
rElec    .         Reflect  .   (cloak currently unavailable)
rCorr    .         Harm     .   (gloves currently unavailable)
MR       .....     NoTele   +   (boots currently unavailable)
Stlth    +.........             (no amulet)
HPRegen  0.14/turn              (no ring)
MPRegen  0.10/turn              (no ring)

@: lethally poisoned (0 -> -4), tree-form
A: high mp 1
a: no special abilities


You were on level 3 of the Dungeon.
You were hungry.
You were a tree.
You visited 1 branch of the dungeon, and saw 4 of its levels.

You collected 88 gold pieces.

Inventory:

Hand Weapons
 a - a +0 hand crossbow (weapon)
 b - a +0 shortbow
 i - a +0 spear
 p - a +0 short sword
Missiles
 c - 53 arrows
 e - 27 bolts (quivered)
 o - 14 sling bullets
Armour
 f - a +0 robe
 n - a +0 chain mail
 B - a +0 ring mail (melded)
 F - a +0 pair of boots (melded)
Magical Staves
 v - an uncursed staff of wizardry {unknown}
   (You found it on level 3 of the Dungeon)
Scrolls
 h - a scroll of teleportation {unknown}
 l - a scroll of enchant weapon {unknown}
 s - a scroll of magic mapping {unknown}
 t - a scroll of remove curse {unknown}
Potions
 j - a potion of haste
 k - a potion of ambrosia
 m - a potion of agility
 r - a potion of degeneration {unknown}
Books
 d - a book of Minor Magic

   Spells                             Type                      Level
   a - Magic Dart                     Conjuration                  1
   b - Blink                          Translocation                2
   c - Call Imp                       Summoning                    2
   d - Slow                           Hexes                        2
   e - Conjure Flame                  Conjuration/Fire             3
   f - Mephitic Cloud                 Conjuration/Poison/Air       3
Comestibles
 g - 2 bread rations
 u - 4 fruits


   Skills:
 - Level 1.5 Fighting
 - Level 2.6 Crossbows
   Level 1.0 Shields
 - Level 1.0 Spellcasting
   Level 1.7 Conjurations
 + Level 2.6 Summonings
   Level 1.7 Poison Magic
   Level 1.0 Evocations


You had 2 spell levels left.
You knew the following spells:

 Your Spells              Type           Power        Failure   Level  Hunger
i - Call Imp              Summ           ##......     11%         2    ###....


Dungeon Overview and Level Annotations

Branches:
Dungeon (4/15)
 Temple: D:4-7

Annotations:
D:4 Dowan, Duvessa, Eustachio


Innate Abilities, Weirdness & Mutations

You have an increased reservoir of magic. (+10% MP)


Message History

You shoot a bolt. The bolt hits the hobgoblin!
You kill the hobgoblin!
e - 32 bolts (gained 2)
Things that are here:
a club; a hobgoblin corpse You now have 88 gold pieces (gained 9). 2 orcs come into view.
The orc shouts! x2
The orc moves out of view.
An orc comes into view. It is wielding a hand axe.
Firing (i - inventory):
e - 32 bolts (quivered)
Press: ? - help, Shift-Dir - straight line, f - orc
Aim: an orc, wielding a hand axe (hasn't noticed you)
You shoot a bolt. The orc shouts!
The bolt hits the orc!
You kill the orc!
An orc priest comes into view.
Casting: Call Imp
Confirm with . or Enter, or press ? or * to list all spells.
A beastly little devil appears in a puff of frigid air.
Firing (i - inventory):
e - 31 bolts (quivered)
Press: ? - help, Shift-Dir - straight line, f - orc, p - orc
Aim: an orc You shoot a bolt.
The bolt hits the orc!
You kill the orc!
Firing (i - inventory):
e - 30 bolts (quivered)
Press: ? - help, Shift-Dir - straight line, f/p - orc
Aim: an orc You shoot a bolt.
The bolt hits the orc.
The orc is almost dead.
Firing (i - inventory):
e - 29 bolts (quivered)
Press: ? - help, Shift-Dir - straight line, f/p - orc
Aim: an orc (almost dead)
You shoot a bolt. The bolt closely misses the orc.
The orc closely misses your white imp.
Your white imp barely misses the orc.
What are your orders? t - Shout!
Orders for allies: a - Attack new target. p - Attack previous target. r - Retreat! s - Stop attacking. g - Guard the area. f - Follow me.
Anything else - Cancel.
Gang up on whom?
Press: ? - help, Dir - move target cursor, f/p - orc
Aim: an orc (almost dead) Attack!
The orc hits your white imp.
Your white imp hits the orc.
The orc dies!
You swap places.
e - 29 bolts (gained 1)
Found a long glowing staff.
e - 30 bolts (gained 1)
You see here a hand axe.
u - 4 fruits A kobold comes into view.
The orc priest shouts!
The orc priest invokes the aid of Beogh against you.
Beogh smites you!
You see here a long glowing staff.
v - a long glowing staff The kobold wields a blowgun.
The kobold shoots a poisoned needle.
The poisoned needle barely misses you.
Firing (i - inventory):
e - 30 bolts (quivered)
Press: ? - help, Shift-Dir - straight line, f - orc priest
Aim: an orc priest You shoot a bolt.
The bolt barely misses the orc priest.
The kobold shoots a poisoned needle.
The poisoned needle hits your white imp!
Your white imp is poisoned.
The orc priest hits your white imp.
Your white imp barely misses the orc priest.
You see here a poisoned needle.
The orc priest closely misses your white imp.
The kobold shoots a poisoned needle.
The poisoned needle closely misses your white imp.
The poisoned needle hits you!
You are poisoned.
Your white imp gestures at the orc priest.
The puff of frost hits the orc priest.
You see here a poisoned needle.
You feel sick.
Your white imp dies!
Firing (i - inventory):
e - 29 bolts (quivered)
Press: ? - help, Shift-Dir - straight line, f/p - orc priest
Aim: an orc priest (almost dead)
You shoot a bolt. The bolt barely misses the orc priest.
You feel sick.
Firing (i - inventory):
e - 28 bolts (quivered)
Press: ? - help, Shift-Dir - straight line, f/p - orc priest
Aim: an orc priest (almost dead)
You shoot a bolt. The bolt closely misses the orc priest.
You feel sick.
Casting: Call Imp
Confirm with . or Enter, or press ? or * to list all spells.
A beastly little devil appears in a puff of flame.
You are feeling hungry.
The orc priest mumbles some strange prayers to Beogh against you.
Pain shoots through your body!
* * * LOW HITPOINT WARNING * * *
It was a potion of lignification.
You turn into a tree.
Your +0 pair of boots melds into your body.
Your +0 ring mail melds into your body.
Your roots penetrate the ground.
You die...

..## #.###.####
...####...#.#
.<..........#
...######.###
#.#######†## .
#.##.......# #..
#.##.####..# ....
#.#
#..###########.....
#.# #
#......5♣(oK((.....
..##.#
#.#.#######.##.....
.....####.#.#
...#.# ...
..........#.#
#.#.####..#
.##########.#.
#.)....(..# .#
#.#.###.#.####.##
.# #.#..)..#.# .#
#.###.###.# .#
#.........#


You could see an orc priest, a kobold and a friendly crimson imp.

Vanquished Creatures
  2 adders
  An ooze (D:2)
  2 worms (D:2)
  A dart slug (D:1)
  2 orcs (D:3)
  3 giant cockroaches (D:2)
  3 goblins (D:1)
  5 hobgoblins
  2 bats
  A frilled lizard (D:1)
  3 rats
25 creatures vanquished.

Vanquished Creatures (collateral kills)
  An adder (D:4)
  A worm (D:3)
  An orc (D:3)
  A quokka (D:3)
4 creatures vanquished.

Grand Total: 29 creatures vanquished

Notes
Turn   | Place    | Note
-------+----------+-------------------------------------------
     0 | D:1      | tidbits the Demigod Wanderer began the quest for the Orb.
     0 | D:1      | tidbits set off with: a book of Minor Magic, a +0 shortbow, 27 arrows, a +0 hand crossbow, 29 bolts, a +0 robe, a bread ration
     0 | D:1      | Reached XP level 1. HP: 14/14 MP: 4/4
   171 | D:2      | Found an opulent altar of Gozag.
   175 | D:2      | Reached skill level 1 in Fighting
   180 | D:2      | Reached XP level 2. HP: 18/23 MP: 5/5
   202 | D:2      | Learned a level 2 spell: Call Imp
   350 | D:1      | Reached skill level 1 in Summonings
   555 | D:2      | Reached skill level 2 in Summonings
   555 | D:2      | Reached XP level 3. HP: 23/28 MP: 3/6
   615 | D:4      | Noticed Eustachio
   695 | D:4      | Noticed Duvessa
   702 | D:4      | Noticed Dowan
   803 | D:3      | HP: 1/28 [orc priest/nerve-wracking pain (12)]
   804 | D:3      | Succumbed to a kobold's poison

Vault maps used:
D:1:      roderic_octagonal_star
D:2:      nicolae_gozag_seed_capital
D:3:      first_bread, minivault_19, uniq_grinder
D:4:      grunt_temple_overflow_open, uniq_duvessa, uniq_eustachio, uniq_ijyb

Skill      XL: |  1  2 |
---------------+-------+-----
Fighting       | 1 |  1.5
Summonings     | 2 |  2.6
Crossbows      | |  2.6
Shields        | |  1.0
Spellcasting   | |  1.0
Conjurations   | |  1.7
Poison Magic   | |  1.7
Evocations     | |  1.0

Action                   || total
-------------------------++-------
 Fire: Hand crossbow     ||    92
 Cast: Call Imp          ||    11
  Use: Scroll            ||     3
       Potion            ||     1
Armor: Robe              ||     5
       Ring mail         ||    15
Dodge: Dodged            ||    25

Table legend:
 A = Spawn XP
 B = Non-spawn XP
 C = Spawn XP percentage of total XP
 D = Spawn monster count
 E = Non-spawn monster count
 F = Spawn count percentage of total count
 G = Total turns spent on level
                    A         B        C        D         E        F      G
               +---------+---------+-------+---------+---------+-------+---------
         Total |       2 |      91 |   2.2 |       1 |      28 |   3.4 |   804
               +---------+---------+-------+---------+---------+-------+---------
           D:1 |       2 |      22 |   8.3 |       1 |       8 |  11.1 |   358
           D:2 |       0 |      37 |   0.0 |       0 |      10 |   0.0 |   225
           D:3 |       0 |      20 |   0.0 |       0 |       9 |   0.0 |   196
           D:4 |       0 |      12 |   0.0 |       0 |       1 |   0.0 |    25
               +---------+---------+-------+---------+---------+-------+---------

Table legend:
 A = Turns spent in this place as a percentage of turns spent in the entire game.
 B = Non-inter-level travel turns spent in this place as a percentage of non-inter-level travel turns spent in the entire game.
 C = Inter-level travel turns spent in this place as a percentage of turns spent in this place.
 D = Turns resting spent in this place as a percentage of non-inter-level travel turns spent in this place.
 E = Turns spent auto-exploring this place as a percentage of non-inter-level travel turns spent in this place.
 F = Non-inter-level travel turns spent in this place divided by the number of levels of this place that you've seen.
                   A       B       C       D       E      F
               +-------+-------+-------+-------+-------+----------------------
         Total | 100.0 | 100.0 |   0.0 |   0.0 |   0.0 | 201.0
       Dungeon | 100.0 | 100.0 |   0.0 |   0.0 |   0.0 | 201.0
               +-------+-------+-------+-------+-------+----------------------

Table legend:
 A = Kills in this place as a percentage of kills in entire the game.
 B = Kills by you in this place as a percentage of kills by you in the entire game.
 C = Kills by friends in this place as a percentage of kills by friends in the entire game.
 D = Other kills in this place as a percentage of other kills in the entire game.
 E = Experience gained in this place as a percentage of experience gained in the entire game.
 F = Experience gained in this place divided by the number of levels of this place that you have seen.
                   A       B       C       D       E      F
               +-------+-------+-------+-------+-------+----------------------
         Total | 100.0 | 100.0 | 100.0 |   N/A | 100.0 |  23.2
       Dungeon | 100.0 | 100.0 | 100.0 |   N/A | 100.0 |  23.2
               +-------+-------+-------+-------+-------+----------------------

Vault maps used:
D:1:      roderic_octagonal_star
D:2:      nicolae_gozag_seed_capital
D:3:      first_bread, minivault_19, uniq_grinder
D:4:      grunt_temple_overflow_open, uniq_duvessa, uniq_eustachio, uniq_ijyb
